 Dungeon Crawl Stone Soup version 0.30-a0-6-g7c9e10e132 (webtiles) character file.

Game seed: 13651158504382647363

7572 porpoise the Grappler (level 10, 0/91 HPs)
             Began as a Troll Transmuter on Aug 23, 2022.
             Was a Priest of Hepliaklqana.
             Slain by an orc warrior
             ... wielding a +0 flail
              (7 damage)
             ... on level 8 of the Dungeon.
             The game lasted 00:35:53 (7985 turns).

porpoise the Grappler (Troll Transmuter)            Turns: 7985, Time: 00:35:53

Health: 0/91       AC:  6    Str: 20    XL:     10   Next: 97%
Magic:  13/13      EV: 15    Int: 17    God:    Hepliaklqana [***...]
Gold:   327        SH:  5    Dex: 12    Spells: 12/15 levels left

rFire   . . .      SeeInvis .      - Unarmed
rCold   + . .      Faith    .    (no shield)
rNeg    . . .      Spirit   .    y - +1 robe {rC+ rF+}
rPois   +          Reflect  +    (helmet restricted)
rElec   .          Harm     .    a - +0 cloak
rCorr   .          Rampage  .    (gloves unavailable)
Will    .....                    (boots unavailable)
Stlth   +.........               r - amulet of reflection
HPRegen 1.05/turn                J - +4 ring of evasion
MPRegen 0.13/turn                K - ring of Tigi {rPois rF- Int+4 Dex+2}

@: no status effects
A: reduced essence, large, unfitting armour, claws 3, regeneration 1, shaggy fur
1, tough skin 1
a: Renounce Religion, Recall Ancestor, Ancestor Identity, Transference


You were on level 8 of the Dungeon.
You worshipped Hepliaklqana.
Hepliaklqana was most pleased with you.
You visited 1 branch of the dungeon, and saw 8 of its levels.
You also visited: Bailey.

You collected 474 gold pieces.
You spent 147 gold pieces at shops.

Inventory:

Hand Weapons
 b - a +1 sling
 t - a +0 broad axe
 M - a +3 eveningstar
Missiles
 e - 20 poisoned darts
 E - 7 boomerangs
 G - a throwing net
 N - 2 curare-tipped darts
Armour
 a - a +0 cloak (worn)
 n - +1 steam dragon scales
 y - a +1 robe of resistance (worn)
 A - a +2 robe of willpower
Jewellery
 c - an amulet of the acrobat
 k - a ring of ice
 r - an amulet of reflection (around neck)
 J - a +4 ring of evasion (left claw)
 K - the ring of Tigi (right claw) {rPois rF- Int+4 Dex+2}
   (You found it on level 7 of the Dungeon)

   [ring of poison resistance]

   Int:       It affects your intelligence (+4).
   Dex:       It affects your dexterity (+2).
   rF:        It makes you vulnerable to fire.
   rPois:     It protects you from poison.
Wands
 j - a wand of acid (8)
 s - a wand of iceblast (2)
 z - a wand of charming (5)
 P - a wand of digging (6)
Scrolls
 i - a scroll of fog
 m - 3 scrolls of enchant weapon
 q - a scroll of vulnerability
 u - a scroll of magic mapping
 v - 3 scrolls of poison
 w - 5 scrolls of teleportation
 C - a scroll of fear
 F - 3 scrolls of amnesia
Potions
 d - a potion of flight
 f - 5 potions of curing
 g - 4 potions of heal wounds
 h - 3 potions of lignification
 l - 3 potions of attraction
 o - 2 potions of cancellation
 p - 3 potions of haste
 x - 2 potions of mutation
 B - a potion of brilliance {unknown}
 D - 2 potions of invisibility
 H - 2 potions of magic {unknown}
 I - a potion of ambrosia {unknown}
 L - 3 potions of might {unknown}
 O - a potion of degeneration {unknown}
 Q - a potion of berserk rage {unknown}


   Skills:
 - Level 7.0 Fighting
 + Level 4.0 Dodging
 * Level 11.4 Unarmed Combat
 - Level 3.0 Spellcasting
 - Level 5.1 Transmutations
 + Level 3.2 Invocations


You had 12 spell levels left.
You knew the following spells:

 Your Spells              Type           Power      Damage    Failure   Level
a - Beastly Appendage     Tmut           40%        N/A       1%          1
w - Wereblood             Tmut           20%        N/A       3%          2

Your spell library contained the following spells:

 Spells                   Type           Power      Damage    Failure   Level
 Passwall                 Tmut/Erth      9%         N/A       9%          2
 Apportation              Tloc           4%         N/A       17%         1
 Magic Dart               Conj           8%         1d3       17%         1
 Necrotise                Necr           8%         1d4       17%         1
 Sandblast                Erth           4%         2d4       17%         1
 Summon Small Mammal      Summ           8%         N/A       17%         1
 Spider Form              Tmut/Pois      11%        N/A       19%         3
 Searing Ray              Conj           4%         2d4       26%         2
 Call Canine Familiar     Summ           2%         N/A       45%         3
 Ozocubu's Armour         Ice            2%         N/A       45%         3
 Portal Projectile        Hex/Tloc       4%         N/A       45%         3
 Stone Arrow              Conj/Erth      4%         3d7       45%         3
 Ice Form                 Ice/Tmut       11%        N/A       52%         4
 Fulminant Prism          Conj/Hex       1%         3d6       86%         4
 Leda's Liquefaction      Hex/Erth       1%         N/A       86%         4
 Ozocubu's Refrigeration  Ice            1%         4d7       100%        7
 Borgnjor's Revivificati  Necr           1%         N/A       100%        8
 Necromutation            Tmut/Necr      5%         N/A       100%        8
 Death's Door             Necr           1%         N/A       100%        9


Dungeon Overview and Level Annotations

Branches:
Dungeon (8/15)             Temple (0/1) D:6            Lair (0/5) D:8
 Bailey (visited)

Altars:
Gozag
Hepliaklqana
Kikubaaqudgha
Qazlal
Ru
Vehumet
Xom

Shops:
D:2 *   D:4 =


Innate Abilities, Weirdness & Mutations

Your life essence is reduced to manifest your ancestor. (-10% HP)
You are too large for most types of armour.
You have claws for hands.
Your natural rate of healing is unusually fast.
You are covered in fur. (AC +1)
You have tough skin. (AC +1)


Message History

The ball of steam hits you!
The ball of steam hits Nikki!
Nikki resists.
You closely miss the steam dragon.
The steam dragon is almost dead.
You are engulfed in a cloud of scalding steam.
What are your orders? t - Shout!
Orders for allies: a - Attack new target. r - Retreat! s - Stop attacking. g - Guard the area. f - Follow me.
Anything else - Cancel.
Gang up on whom?
Press: ? - help, Dir - move target, f - steam dragon
Aim: a steam dragon (almost dead, catching its breath) Attack!
You are engulfed in a cloud of scalding steam.
* * * LOW HITPOINT WARNING * * *
The steam dragon misses you. The steam dragon closely misses you.
An orc warrior comes into view. It is wielding a +0 flail.
You barely miss the steam dragon.
The steam dragon is almost dead.
The steam dragon bites you.
* * * LOW HITPOINT WARNING * * *
The steam dragon misses you. The steam dragon bites you!
* * * LOW HITPOINT WARNING * * *
The steam dragon completely misses you.
The orc priest begins to cast a cantrip, but forgets the words!
You scratch the steam dragon but do no damage.
The steam dragon is almost dead.
The steam dragon breathes steam at you. The ball of steam misses you.
The orc warrior hits you with a +0 flail.
* * * LOW HITPOINT WARNING * * *
You mangle the steam dragon!!
You kill the steam dragon!
You are engulfed in a cloud of scalding steam.
* * * LOW HITPOINT WARNING * * *
The orc warrior hits you with a +0 flail!
You die...

#### #...................#..#
######.......####.########..#
#............# ##§########..#
#...⌠........###..........
#..............##R########
..####...###.>.##.#
.#####.8.# #...##.#
.....#...########§##
####.#####....§§@§.#
...#...#.########o.#
##.#..........D§...o....o.
...#...#.#################
.......... .....#.### ##..<#
.......# ##.#.#.#


You could see the friendly Nikki the hexer, an orc warrior and an orc priest.

Vanquished Creatures
  A two-headed ogre (Bailey)
  2 death yaks (D:8)
  Pikel (D:5)
  Maurice (D:8)
  Grinder (D:3)
  3 spriggans (Bailey)
  2 wyverns
  2 steam dragons
  A vampire mosquito (D:7)
  3 ice beasts (D:6)
  A sky beast (D:6)
  6 ogres
  2 centaurs
  2 phantoms (D:5)
  A kobold brigand (D:8)
  2 necrophages (D:6)
  5 wights (D:8)
  2 jellies
  A hound (D:5)
  2 orc priests (D:5)
  Crazy Yiuf (D:5)
  2 iguanas
  6 orc wizards
  3 hell rats (D:8)
  6 gnolls
  10 adders
  A white imp (D:5)
  2 worms
  3 dart slugs
  15 orcs
  6 ball pythons
  10 endoplasms
  4 giant cockroaches
  12 goblins
  13 hobgoblins
  4 jackals (D:3)
  15 kobolds
  4 quokkas
  7 bats
  5 rats
170 creatures vanquished.

Vanquished Creatures (collateral kills)
  A death yak (D:8)
  Sigmund (D:5)
  A spriggan (Bailey)
  2 steam dragons
  A vampire mosquito (D:7)
  A water moccasin (D:4)
  An ice beast (D:5)
  A gnoll bouda (D:6)
  An orc wizard (D:8)
  A gnoll (D:6)
  An adder (D:5)
  A river rat (D:8)
  A shadow imp (D:7)
  5 orcs
  2 goblins
  2 hobgoblins
  2 kobolds
  3 quokkas (D:8)
28 creatures vanquished.

Vanquished Creatures (others)
  A hexer (D:6)
  An ancestor (D:5)
  14 plants
16 creatures vanquished.

Grand Total: 214 creatures vanquished

Notes
Turn   | Place    | Note
-------+----------+-------------------------------------------
     0 | D:1      | porpoise the Troll Transmuter began the quest for the Orb.
     0 | D:1      | Reached XP level 1. HP: 18/18 MP: 1/1
   153 | D:1      | Reached skill level 1 in Fighting
   212 | D:1      | Reached XP level 2. HP: 27/27 MP: 3/3
   643 | D:1      | Reached XP level 3. HP: 33/33 MP: 4/4
   652 | D:1      | Learned a level 2 spell: Wereblood
  1061 | D:2      | Found Xanevaz's Assorted Antiques.
  1112 | D:2      | Bought a sedimented pink potion for 22 gold pieces
  1112 | D:2      | Bought a scroll labelled RIQECO VIHETIS for 25 gold pieces
  1112 | D:2      | Bought a scroll labelled NAEWAEFIURR for 25 gold pieces
  1931 | D:3      | Reached XP level 4. HP: 42/42 MP: 5/5
  2439 | D:3      | Found a hazy altar of Hepliaklqana.
  2447 | D:3      | Became a worshipper of Hepliaklqana the Forgotten
  2499 | D:3      | Reached skill level 4 in Unarmed Combat
  2559 | D:3      | Noticed Grinder
  2571 | D:3      | Killed Grinder
  2572 | D:3      | Reached XP level 5. HP: 41/52 MP: 6/6
  2572 | D:3      | Reached XP level 6. HP: 46/59 MP: 7/7
  2687 | D:3      | Found an opulent altar of Gozag.
  3051 | D:2      | Bought 3 scrolls labelled PANTIMEUWK for 75 gold pieces
  3123 | D:4      | Reached * piety under Hepliaklqana
  3219 | D:4      | Found Patat's Jewellery Emporium.
  3654 | D:4      | Noticed a water moccasin
  3663 | D:4      | Killed a water moccasin
  3664 | D:4      | Reached skill level 5 in Unarmed Combat
  3696 | D:4      | Reached XP level 7. HP: 42/60 MP: 9/9
  3943 | D:5      | Entered Level 5 of the Dungeon
  4120 | D:5      | Reached ** piety under Hepliaklqana
  4121 | D:5      | Remembered your ancestor Nikki as a hexer
  4299 | D:5      | Noticed Sigmund
  4305 | D:5      | Killed Sigmund
  4306 | D:5      | Reached skill level 6 in Unarmed Combat
  4506 | D:5      | Found a runed translucent door.
  4507 | D:5      | Noticed Crazy Yiuf
  4517 | D:5      | Killed Crazy Yiuf
  4613 | D:5      | Reached XP level 8. HP: 71/71 MP: 8/10
  4985 | D:5      | Noticed Pikel
  5008 | D:5      | Killed Pikel
  5009 | D:5      | Reached skill level 5 in Fighting
  5009 | D:5      | Reached skill level 7 in Unarmed Combat
  5312 | D:6      | Reached XP level 9. HP: 71/80 MP: 12/12
  5482 | D:6      | Reached skill level 8 in Unarmed Combat
  6066 | D:6      | Found a staircase to the Ecumenical Temple.
  6135 | D:7      | Found a flagged portal.
  6152 | Bailey   | Entered a bailey
  6330 | Bailey   | Noticed a two-headed ogre
  6353 | Bailey   | Killed a two-headed ogre
  6354 | Bailey   | Reached skill level 9 in Unarmed Combat
  6424 | Bailey   | Reached XP level 10. HP: 91/91 MP: 13/13
  6533 | Bailey   | Reached skill level 5 in Transmutations
  6631 | Bailey   | Reached skill level 10 in Unarmed Combat
  6759 | D:7      | Found an ancient bone altar of Kikubaaqudgha.
  6759 | D:7      | Found a radiant altar of Vehumet.
  6779 | D:7      | Reached *** piety under Hepliaklqana
  6780 | D:7      | Found a sacrificial altar of Ru.
  6950 | D:7      | Found a shimmering altar of Xom.
  6950 | D:7      | Found a shimmering altar of Xom.
  6955 | D:7      | Found a shimmering altar of Xom.
  6967 | D:7      | Identified the ring of Tigi {rPois rF- Int+4 Dex+2}
  7196 | D:7      | Identified the +9 chain mail of Faxamu {rN+ Str+2}
  7395 | D:7      | Found a stormy altar of Qazlal.
  7690 | D:8      | Noticed a death yak
  7695 | D:8      | Noticed a death yak
  7695 | D:8      | Noticed a death yak
  7703 | D:8      | Killed a death yak
  7704 | D:8      | Reached skill level 1 in Invocations
  7715 | D:8      | Killed a death yak
  7724 | D:8      | Killed a death yak
  7725 | D:8      | Reached skill level 11 in Unarmed Combat
  7733 | D:8      | Found a staircase to the Lair.
  7866 | D:8      | Noticed Maurice
  7876 | D:8      | Killed Maurice
  7985 | D:8      | Slain by an orc warrior

Illustrated notes

Levels and vault maps discovered:
D:1:      spicycebolla_green_bress_n_ham_2, layout_loops_ring, st_stairs_14
D:2:      layout_basic, serial_shops, shop_coins
D:3:      layout_loops_corners, nicolae_hepliaklqana_hazy_memory,
          mainiacjoe_overflow_concentric_impassable, uniq_grinder
D:4:      layout_loops_ring, serial_shops, nicolae_shop_statue_plus
D:5:      layout_loops_corners, corexii_checkpoint_a,
          chequers_serial_rivers_room_a, grunt_ministairs_11,
          uniq_crazy_yiuf_cottage, uniq_pikel, uniq_sigmund
D:6:      layout_cave_pools, minmay_temple_entry_sparse_star
D:7:      corexii_shantytown, layout_loops_ring, xom_redecorated,
          gammafunk_temple_overflow_wave, mainiacjoe_overflow_paths,
          grunt_qazlal_clouds, enter_bailey_2
D:8:      layout_basic, dpeg_lair_monsters, nicolae_elevator_lobby_asterisk,
          uniq_erica, uniq_maggie, uniq_gastronok, uniq_maurice

Skill      XL: |  1  2  3  4  5  6  7  8  9 10 |
---------------+-------------------------------+-----
Fighting       | 1 2 3 4 5 7 |  7.0
Transmutations | 2 3 4 5 |  5.1
Unarmed Combat | 4 5 6 7 9 11 | 11.4
Spellcasting   | 2 3 |  3.0
Dodging        | 4 |  4.0
Invocations    | 3 |  3.2

Action                   |  1- 3 |  4- 6 |  7- 9 | 10-12 || total
-------------------------+-------+-------+-------+-------++-------
Melee: Unarmed           |   104 |    96 |   178 |   177 ||   555
       Punch             |     3 |     1 |     5 |    12 ||    21
       Kick              |       |       |     7 |     4 ||    11
       Headbutt          |       |       |     2 |     3 ||     5
 Fire: Sling             |    16 |     6 |    21 |     4 ||    47
 Cast: Beastly Appendage |       |       |     3 |     3 ||     6
       Wereblood         |       |       |       |     1 ||     1
Invok: Recall Ancestor   |       |     1 |       |       ||     1
       Ancestor Identity |       |     1 |       |       ||     1
       Ancestor Life: He |       |       |     1 |       ||     1
  Use: Scroll            |       |    11 |     6 |     5 ||    22
       Potion            |       |       |     2 |     1 ||     3
 Stab: Confused          |       |       |     4 |     3 ||     7
       Distracted        |       |       |     2 |     3 ||     5
       Sleeping          |       |       |       |     1 ||     1
Armor: Robe              |    38 |    26 |    53 |    28 ||   145
Dodge: Dodged            |    32 |    37 |    62 |    66 ||   197
Block: Other             |     2 |    14 |    25 |    24 ||    65
       Reflection        |       |       |     1 |       ||     1

Table legend: (Time is in decaauts)
 A = Elapsed time spent in this place.
 B = Non-inter-level travel time spent in this place.
 C = Inter-level travel time spent in this place.
 D = Time resting spent in this place.
 E = Time spent auto-exploring this place.
 F = Levels seen in this place.
 G = Mean time per level.
                   A        B        C        D        E       F      G
               +--------+--------+--------+--------+--------+-----+--------+
         Total |   7912 |   7656 |    256 |   1492 |   4491 |   9 |  879.1 |
       Dungeon |   7361 |   7105 |    256 |   1248 |   4469 |   8 |  920.1 |
        Bailey |    551 |    551 |      0 |    244 |     22 |   1 |  551.0 |
               +--------+--------+--------+--------+--------+-----+--------+

Top non-repeatable levels by time:
     D:5: 1299 daAuts
     D:3: 1272 daAuts
     D:1: 1058 daAuts
     D:7: 977 daAuts
     D:6: 852 daAuts
     D:4: 830 daAuts
     D:2: 769 daAuts
  Bailey: 551 daAuts
     D:8: 301 daAuts
